 Dungeon Sprint DCSS version 0.21-a0-274-gc1afaeb (webtiles) character file.

189 potatolord6000 the Cleaver (level 5, -11/79 HPs)
             Began as a Hill Orc Monk on Sept 19, 2017.
             Was a High Priest of Beogh.
             Mangled by a big kobold
             ... wielding a +0 short sword of electrocution
              (14 damage)
             ... in the Dungeon (Sprint VII: "The Pits").
             The game lasted 00:02:45 (745 turns).

potatolord6000 the Cleaver (Hill Orc Monk)           Turns: 745, Time: 00:02:46

Health: -11/79     AC: 14    Str: 20    XL:     5   Next: 68%
Magic:  9/10       EV:  7    Int: 10    God:    Beogh [*****.]
Gold:   0          SH:  0    Dex: 13    Spells: 4/4 levels left

rFire    . . .     SeeInvis .   j - +2 hand axe
rCold    . . .     Gourm    .   (no shield)
rNeg     . . .     Faith    .   f - +2 plate armour
rPois    .         Spirit   .   (no helmet)
rElec    .         Reflect  .   (no cloak)
rCorr    .         Harm     .   (no gloves)
MR       .....     NoTele   +   (no boots)
Stlth    ..........             (no amulet)
HPRegen  0.23/turn              (no ring)
MPRegen  0.12/turn              (no ring)

@: berserking, very quick
A: walk on water
a: Smiting, Recall Orcish Followers, Give Item to Named Follower, Renounce
Religion


You were in the Dungeon.
You worshipped Beogh.
Beogh was extremely pleased with you.
You were full.

You visited 1 branch

Inventory:

Hand Weapons
 j - a +2 hand axe (weapon)
Armour
 f - a +2 plate armour (worn)
Scrolls
 i - a scroll of blinking
 k - 3 scrolls of remove curse
 l - 5 scrolls of amnesia
 m - a scroll of summoning
Potions
 a - 2 potions of invisibility
 d - 5 potions of curing
 e - 5 potions of heal wounds
 g - 4 potions of magic
 h - 2 potions of berserk rage
Comestibles
 c - 8 bread rations
 n - 40 fruits
 o - 6 meat rations


   Skills:
 + Level 7.6 Fighting
 + Level 8.3 Axes
 + Level 6.0 Armour
 - Level 2.4 Dodging
 - Level 1.5 Stealth
 + Level 6.9 Invocations


You had 4 spell levels left.
You didn't know any spells.

Dungeon Overview and Level Annotations

Branches:
Dungeon (1/1)

Altars:
Ashenzari
Cheibriados
Dithmenos
Elyvilon
Fedhas
Gozag
Hepliaklqana
Kikubaaqudgha
Makhleb
Nemelex Xobeh
Okawaru
Qazlal
Ru
Sif Muna
Trog
Uskayaw
Vehumet
Wu Jian
Xom
Yredelemnul
Zin
The Shining One
Beogh
Jiyva
Lugonu


Message History

You can now give items to your followers.
Your Axes skill increases to level 8!
Your Armour skill increases to level 6!
The gnoll sergeant hits you from afar with a vampiric trident.
* * * LOW HITPOINT WARNING * * *
A gnoll comes into view.
You completely miss the big kobold.
The big kobold is moderately wounded.
The gnoll shouts!
The big kobold hits you but does no damage.
Unknown command.
You slash the big kobold!
The big kobold is heavily wounded.
The gnoll sergeant hits you from afar with a vampiric trident.
* * * LOW HITPOINT WARNING * * *
Unknown command.
You barely miss the big kobold.
The big kobold is heavily wounded.
The big kobold hits you but does no damage.
You are electrocuted!
You die...

#'#####'#####.....
#.#..#..#[[##.....
#.#..'..#))#####'#
#.#..####))##.....
#.#.÷#..#))##.....
#)#..#..#..##.....
#.##'#..#'###...<.
#.#......†.##.....
#@#........##.....
#K###########.....
#gn.gh5.# ######
#g###.hg# #g# .#
#g#


#gg #.. #.. You could see a big kobold, a necrophage, a gnoll sergeant, a gnoll
shaman and 4 gnolls.

Vanquished Creatures
  A wolf (D)
  A crimson imp (D)
  A worker ant (D)
  2 gnolls (D)
  An adder (D)
  A river rat (D)
  An ooze (D)
  A leopard gecko (D)
  A bat zombie (D)
  2 jackals (D)
  A frilled lizard (D)
  A giant cockroach zombie (D)
  A quokka zombie (D)
15 creatures vanquished.

Notes
Turn   | Place    | Note
-------+----------+-------------------------------------------
     0 | D        | potatolord6000 the Hill Orc Monk began the quest for the Orb.
     0 | D        | Reached XP level 1. HP: 19/19 MP: 1/1
    49 | D        | Found a bloodstained altar of Trog.
    49 | D        | Found a deep blue altar of Sif Muna.
    49 | D        | Found a viscous altar of Jiyva.
    49 | D        | Found a hazy altar of Hepliaklqana.
    49 | D        | Found an opulent altar of Gozag.
    50 | D        | Found a glowing golden altar of the Shining One.
    50 | D        | Found a glowing silver altar of Zin.
    50 | D        | Found a basalt altar of Yredelemnul.
    50 | D        | Found a shimmering altar of Xom.
    50 | D        | Found an ornate altar of the Wu Jian Council.
    50 | D        | Found a sacrificial altar of Ru.
    50 | D        | Found a stormy altar of Qazlal.
    50 | D        | Found an iron altar of Okawaru.
    50 | D        | Found a sparkling altar of Nemelex Xobeh.
    50 | D        | Found a burning altar of Makhleb.
    50 | D        | Found a blossoming altar of Fedhas.
    50 | D        | Found a white marble altar of Elyvilon.
    50 | D        | Found a shadowy altar of Dithmenos.
    50 | D        | Found a snail-covered altar of Cheibriados.
    53 | D        | Found a corrupted altar of Lugonu.
    53 | D        | Found a radiant altar of Vehumet.
    53 | D        | Found a roughly hewn altar of Beogh.
    54 | D        | Found an ancient bone altar of Kikubaaqudgha.
    54 | D        | Found a hide-covered altar of Uskayaw.
    54 | D        | Found a shattered altar of Ashenzari.
    62 | D        | Became a worshipper of Beogh the Brigand
    62 | D        | Reached * piety under Beogh
    62 | D        | Reached ** piety under Beogh
    82 | D        | Reached skill level 1 in Armour
    82 | D        | Reached skill level 1 in Invocations
    87 | D        | Reached XP level 2. HP: 18/28 MP: 1/3
   278 | D        | Reached skill level 5 in Axes
   289 | D        | Reached *** piety under Beogh
   289 | D        | Reached skill level 5 in Fighting
   289 | D        | Reached XP level 3. HP: 11/36 MP: 3/5
   498 | D        | Reached skill level 6 in Axes
   501 | D        | Noticed a wolf
   508 | D        | Killed a wolf
   508 | D        | Reached skill level 7 in Axes
   508 | D        | Reached skill level 5 in Armour
   508 | D        | Reached XP level 4. HP: 20/45 MP: 6/8
   508 | D        | Reached XP level 5. HP: 23/51 MP: 6/9
   509 | D        | Reached **** piety under Beogh
   724 | D        | Noticed a big kobold
   737 | D        | Noticed a necrophage
   742 | D        | Reached ***** piety under Beogh
   742 | D        | Reached skill level 8 in Axes
   744 | D        | HP: 3/79 [gnoll sergeant/vampiric trident (6)]
   745 | D        | Mangled by a big kobold

Vault maps used:
D:        pitsprint

Skill      XL: |  1  2  3  4  5 |
---------------+----------------+-----
Fighting       | 4 5 6 7 |  7.6
Armour         | 2 3 5 6 |  6.0
Invocations    | 2 3 6 |  6.9
Axes           | 5 7 8 |  8.3
Dodging        | |  2.4
Stealth        | |  1.5

Action                   |  1- 3 |  4- 6 || total
-------------------------+-------+-------++-------
Melee: Hand axe          |    36 |    27 ||    63
Invok: Smiting           |       |     1 ||     1
  Use: Potion            |     2 |     2 ||     4
  Eat: Meat ration       |     1 |       ||     1
Armor: Robe              |     4 |       ||     4
       Plate armour      |       |    24 ||    24
Dodge: Dodged            |    33 |     7 ||    40

Table legend:
 A = Spawn XP
 B = Non-spawn XP
 C = Spawn XP percentage of total XP
 D = Spawn monster count
 E = Non-spawn monster count
 F = Spawn count percentage of total count
 G = Total turns spent on level
                    A         B        C        D         E        F      G
               +---------+---------+-------+---------+---------+-------+---------
         Total |       0 |     270 |   0.0 |       0 |      15 |   0.0 |   745
               +---------+---------+-------+---------+---------+-------+---------
             D |       0 |     270 |   0.0 |       0 |      15 |   0.0 |   745
               +---------+---------+-------+---------+---------+-------+---------
